 Dungeon Crawl Stone Soup version 0.29-a0-338-g1ff7896281 (webtiles) character file.

Game seed: 14222960896536365941

415 pokeman the Magician (level 6, 0/34 HPs)
             Began as a Deep Elf Hedge Wizard on Apr 17, 2022.
             Was an Initiate of Vehumet.
             Slain by a killer bee (8 damage)
             ... on level 4 of the Dungeon.
             The game lasted 00:09:55 (4312 turns).

pokeman the Magician (Deep Elf Hedge Wizard)        Turns: 4312, Time: 00:09:56

Health: 0/34       AC:  6    Str:  7    XL:     6   Next: 60%
Magic:  1/18       EV: 12    Int: 21    God:    Vehumet [......]
Gold:   156        SH:  5    Dex: 14    Spells: 8/19 levels left

rFire   . . .      SeeInvis .   i - +0 falchion
rCold   . . .      Faith    .   (no shield)
rNeg    . . .      Spirit   .   z - +0 leather armour
rPois   .          Reflect  +   c - +0 hat
rElec   .          Harm     .   (no cloak)
rCorr   .          Rampage  .   e - +1 pair of gloves {infuse}
Will    .....                   y - +0 pair of boots
Stlth   ++........              l - amulet of reflection
HPRegen 0.11/turn               o - +4 ring of slaying
MPRegen 0.16/turn               p - +4 ring of slaying

@: no status effects
A: no striking features
a: Renounce Religion


You were on level 4 of the Dungeon.
You worshipped Vehumet.
Vehumet was noncommittal.
You visited 1 branch of the dungeon, and saw 5 of its levels.

You collected 156 gold pieces.

Inventory:

Hand Weapons
 i - a +0 falchion (weapon)
Armour
 c - a +0 hat (worn)
 e - a +1 pair of gloves of infusion (worn)
 y - a +0 pair of boots (worn)
 z - a +0 leather armour (worn)
Magical Staves
 w - a staff of poison
Jewellery
 b - an amulet of faith
 l - an amulet of reflection (around neck)
 o - a +4 ring of slaying (left hand)
 p - a +4 ring of slaying (right hand)
 q - a +6 ring of dexterity
Wands
 k - a wand of flame (17)
Scrolls
 a - 4 scrolls of identify {unknown}
 j - a scroll of magic mapping {unknown}
 n - 3 scrolls of teleportation {unknown}
 t - 3 scrolls of amnesia {unknown}
 u - 3 scrolls of vulnerability {unknown}
 v - a scroll of silence {unknown}
 x - a scroll of summoning {unknown}
Potions
 d - a potion of magic
 f - 2 potions of degeneration {unknown}
 g - a potion of brilliance {unknown}
 h - 2 potions of curing {unknown}
 m - a potion of mutation {unknown}
 r - a potion of attraction {unknown}
 s - a potion of haste {unknown}


   Skills:
 - Level 1.0 Fighting
 - Level 1.0 Armour
 - Level 3.0 Dodging
 - Level 3.0 Stealth
 * Level 7.2 Spellcasting
 + Level 3.5 Conjurations
 - Level 1.1 Summonings
 - Level 1.1 Translocations
 - Level 2.1 Fire Magic
 + Level 0.8 Air Magic
 + Level 0.3 Poison Magic
 - Level 1.0 Evocations


You had 8 spell levels left.
You knew the following spells:

 Your Spells              Type           Power      Damage    Failure   Level
a - Magic Dart            Conj           88%        1d7       3%          1
b - Mephitic Cloud        Conj/Pois/Air  14%        N/A       21%         3
c - Call Imp              Summ           12%        N/A       12%         2
d - Blink                 Tloc           24%        N/A       12%         2
e - Conjure Flame         Conj/Fire      19%        6-21      12%         3

Your spell library contained the following spells:

 Spells                   Type           Power      Damage    Failure   Level
 Freeze                   Ice            28%        1d5       13%         1
 Slow                     Hex            28%        N/A       13%         1
 Gell's Gravitas          Tloc           12%        N/A       24%         3
 Lesser Beckoning         Tloc           12%        N/A       24%         3
 Teleport Other           Tloc           12%        N/A       24%         3
 Frozen Ramparts          Ice            14%        1d3       36%         3
 Ozocubu's Armour         Ice            7%         N/A       36%         3
 Hailstorm                Conj/Ice       14%        3d5       52%         4
 Leda's Liquefaction      Hex/Erth       3%         N/A       77%         4
 Lee's Rapid Deconstruct  Erth           3%         3d6*      98%         5
 Metabolic Englaciation   Hex/Ice        3%         N/A       98%         5
 Simulacrum               Ice/Necr       3%         N/A       100%        6
 Statue Form              Tmut/Erth      4%         N/A       100%        6


Dungeon Overview and Level Annotations

Branches:
Dungeon (5/15)
 Temple: D:4-7

Altars:
Ashenzari
Cheibriados
Elyvilon
Trog
Vehumet


Message History

The killer bee misses your crimson imp. The killer bee stings you.
Your crimson imp hits the killer bee.
The killer bee barely misses you.
The killer bee stings you but does no damage.
The killer bee attacks as you move away!
The killer bee stings you! The killer bee stings you.
The killer bee stings your crimson imp. You block the killer bee's attack.
Your crimson imp closely misses the killer bee.
The killer bee stings your crimson imp!
Your crimson imp dies!
Your crimson imp disappears in a puff of smoke!
The killer bee barely misses you. The killer bee stings you.
You see here an adder corpse.
The killer bee closely misses you. The killer bee barely misses you.
Casting: Call Imp (safe; 12% risk of failure)
Confirm with . or Enter, or press ? or * to list all spells.
A beastly little devil appears in a puff of flame.
You block the killer bee's attack.
The killer bee stings you but does no damage.
The killer bee barely misses you. The killer bee stings you.
Unknown command.
The killer bee attacks as you move away!
The killer bee closely misses you.
The killer bee attacks as you move away!
The killer bee stings you.
* * * LOW HITPOINT WARNING * * *
You block the killer bee's attack.
There is a stone staircase leading up here.
The killer bee barely misses you.
The killer bee stings you but does no damage.
Your crimson imp barely misses the killer bee.
You climb upwards.
There is a stone staircase leading down here.
Unknown command.
Unknown command.
You slash the killer bee!
The killer bee is heavily wounded.
The killer bee stings you!
You die...

.......####.####....#.###
.........##.#.#.........#
.#....................###
##.......#.#..##...##.#
###.#..####...#......##
....##........##......#
#...##.##............##
##..#...##.....y...#.##
........#.......@..#..#
..........###......#.##
........#.##.)......##
........#.#......####
...##.......###..#
...#..........#..#
..............#..#
.................#
...#.)...#####...#


You could see a killer bee.

Vanquished Creatures
  2 killer bees (D:5)
  A howler monkey (D:5)
  A jelly (D:5)
  A hound (D:5)
  An iguana (D:4)
  Natasha (twice) (D:2)
  An orc wizard (D:3)
  2 adders
  An ufetubus (D:4)
  A worm (D:2)
  A dart slug (D:2)
  6 orcs
  6 bats
  5 endoplasms
  2 giant cockroaches
  6 goblins
  5 hobgoblins
  4 jackals (D:3)
  3 quokkas
  2 ball pythons (D:4)
  4 frilled lizards
  8 kobolds
  2 rats
67 creatures vanquished.

Vanquished Creatures (collateral kills)
  A killer bee (D:5)
1 creature vanquished.

Vanquished Creatures (others)
  4 plants (D:3)
4 creatures vanquished.

Grand Total: 72 creatures vanquished

Notes
Turn   | Place    | Note
-------+----------+-------------------------------------------
     0 | D:1      | pokeman the Deep Elf Hedge Wizard began the quest for the
                  | Orb.
     0 | D:1      | Reached XP level 1. HP: 10/10 MP: 7/7
   669 | D:1      | Reached XP level 2. HP: 15/15 MP: 1/9
  1417 | D:2      | Reached skill level 5 in Spellcasting
  1595 | D:2      | Reached XP level 3. HP: 20/20 MP: 7/11
  1599 | D:2      | Learned a level 3 spell: Mephitic Cloud
  1604 | D:2      | Learned a level 2 spell: Call Imp
  1608 | D:2      | Learned a level 2 spell: Blink
  1612 | D:2      | Learned a level 3 spell: Conjure Flame
  1760 | D:2      | Noticed Natasha
  1768 | D:2      | Killed Natasha
  1769 | D:2      | Reached skill level 1 in Fighting
  1769 | D:2      | Reached skill level 1 in Armour
  1950 | D:2      | You fall into a shaft and drop 2 floors!
  1969 | D:4      | Reached XP level 4. HP: 22/25 MP: 9/13
  2174 | D:2      | Noticed Natasha
  2185 | D:2      | Killed Natasha
  2589 | D:3      | Reached skill level 6 in Spellcasting
  2589 | D:3      | Reached skill level 1 in Fire Magic
  2762 | D:3      | Reached XP level 5. HP: 29/29 MP: 12/15
  3185 | D:3      | Found a bloodstained altar of Trog.
  3204 | D:3      | Found a radiant altar of Vehumet.
  3212 | D:3      | Became a worshipper of Vehumet
  3383 | D:3      | Found a white marble altar of Elyvilon.
  3427 | D:3      | Found a broken altar of Ashenzari.
  3624 | D:4      | Found a snail-covered altar of Cheibriados.
  4147 | D:5      | Entered Level 5 of the Dungeon
  4241 | D:5      | Reached XP level 6. HP: 34/34 MP: 9/17
  4260 | D:5      | Reached skill level 7 in Spellcasting
  4260 | D:5      | Reached skill level 1 in Evocations
  4312 | D:4      | Slain by a killer bee

Illustrated notes

Levels and vault maps discovered:
D:1:      dpeg_arrival_tiny_h, layout_loops_corners
D:2:      layout_basic, uniq_natasha
D:3:      layout_loops_ring, nicolae_overflow_quartered_altars,
          chequers_serial_rivers_small_b, lexackson_kobold_supper
D:4:      layout_cave_pools, kennysheep_mini_moat
D:5:      layout_loops_cross, uniq_ijyb

Skill      XL: |  1  2  3  4  5  6 |
---------------+-------------------+-----
Spellcasting   | 5 6 7 |  7.2
Fighting       | 1 |  1.0
Armour         | 1 |  1.0
Conjurations   | 2 3 |  3.5
Fire Magic     | 1 2 |  2.1
Dodging        | 3 |  3.0
Stealth        | 3 |  3.0
Evocations     | 1 |  1.0
Summonings     | |  1.1
Translocations | |  1.1
Air Magic      | |  0.8
Poison Magic   | |  0.3

Action                   |  1- 3 |  4- 6 || total
-------------------------+-------+-------++-------
Melee: Dagger            |     2 |       ||     2
       Falchion          |    15 |    20 ||    35
 Cast: Magic Dart        |    56 |    73 ||   129
       Mephitic Cloud    |     1 |     6 ||     7
       Conjure Flame     |       |     3 ||     3
       Call Imp          |       |     2 ||     2
 Stab: Confused          |     1 |     1 ||     2
       Sleeping          |       |     2 ||     2
Armor: Robe              |     8 |     2 ||    10
       Leather armour    |       |     6 ||     6
Dodge: Dodged            |    12 |    27 ||    39
Block: Other             |     4 |     7 ||    11
       Reflection        |     3 |       ||     3

Table legend: (Time is in decaauts)
 A = Elapsed time spent in this place.
 B = Non-inter-level travel time spent in this place.
 C = Inter-level travel time spent in this place.
 D = Time resting spent in this place.
 E = Time spent auto-exploring this place.
 F = Levels seen in this place.
 G = Mean time per level.
                   A        B        C        D        E       F      G
               +--------+--------+--------+--------+--------+-----+--------+
         Total |   4323 |   4197 |    126 |     80 |   3575 |   5 |  864.6 |
       Dungeon |   4323 |   4197 |    126 |     80 |   3575 |   5 |  864.6 |
               +--------+--------+--------+--------+--------+-----+--------+

Top non-repeatable levels by time:
     D:3: 1323 daAuts
     D:1: 1103 daAuts
     D:2: 1075 daAuts
     D:4: 655 daAuts
     D:5: 165 daAuts
